 Dungeon Crawl Stone Soup version 0.29-a0-207-gf982a884d8 (webtiles) character file.

Game seed: 6398355666881718572

37422 siradein the Cleaver (level 13, -8/122 HPs)
             Began as a Minotaur Gladiator on Feb 23, 2022.
             Was a High Priest of Makhleb.
             Engulfed by a cloud of flame (18 damage)
             ... on level 4 of the Lair of Beasts.
             The game lasted 00:43:53 (12920 turns).

siradein the Cleaver (Minotaur Gladiator)          Turns: 12920, Time: 00:43:54

Health: -8/122     AC: 11    Str: 19    XL:     13   Next: 58%
Magic:  19/19      EV: 23    Int:  5    God:    Makhleb [*****.]
Gold:   998        SH:  0    Dex: 17    Spells: 12/12 levels left

rFire   . . .      SeeInvis .   q - +3 war axe (elec)
rCold   . . .      Faith    .   (no shield)
rNeg    . . .      Spirit   .   X - +0 troll leather armour
rPois   .          Reflect  .   l - +1 hat
rElec   .          Harm     .   S - +0 cloak
rCorr   .          Rampage  .   (no gloves)
Will    .....                   J - +0 pair of boots
Stlth   +.........              f - amulet of regeneration
HPRegen 1.90/turn               r - +4 ring of evasion
MPRegen 0.16/turn               z - +4 ring of protection

@: no status effects
A: horns 2, retaliatory headbutt
a: Renounce Religion, Minor Destruction, Lesser Servant of Makhleb, Major
Destruction, Greater Servant of Makhleb


You were on level 4 of the Lair of Beasts.
You worshipped Makhleb.
Makhleb was extremely pleased with you.
You visited 2 branches of the dungeon, and saw 15 of its levels.
You also visited: Ossuary and Bailey.

You collected 998 gold pieces.

Inventory:

Hand Weapons
 i - a +4 vorpal hunting sling
 q - a +3 war axe of electrocution (weapon)
 Z - a +3 dire flail
Missiles
 d - 5 throwing nets
 e - 4 boomerangs of dispersal
 n - 528 stones
 o - 16 poisoned darts (quivered)
 O - 5 boomerangs
 V - 2 silver javelins
Armour
 l - a +1 hat (worn)
 J - a +0 pair of boots (worn)
 S - a +0 cloak (worn)
 X - a +0 troll leather armour (worn)
Jewellery
 a - a +6 ring of intelligence
 f - an amulet of regeneration (around neck)
 r - a +4 ring of evasion (left hand)
 z - a +4 ring of protection (right hand)
 B - a +4 ring of protection
 I - a ring of protection from cold
 U - a ring of flight
Wands
 p - a wand of digging (9)
 K - a wand of iceblast (19)
 L - a wand of flame (59)
 M - a wand of paralysis (16)
 P - a wand of acid (10)
 Y - a wand of mindburst (6)
Scrolls
 b - 4 scrolls of holy word
 m - 3 scrolls of enchant armour {unknown}
 s - 3 scrolls of blinking {unknown}
 t - a scroll of silence {unknown}
 v - 8 scrolls of teleportation
 y - a scroll of fog {unknown}
 E - 2 scrolls of immolation
 F - a scroll of enchant weapon
 G - 2 scrolls of fear
 H - 3 scrolls of amnesia {unknown}
 T - a scroll of torment {unknown}
Potions
 c - 5 potions of brilliance {unknown}
 g - 5 potions of resistance {unknown}
 h - 12 potions of curing
 j - 4 potions of haste {unknown}
 u - 3 potions of might {unknown}
 w - 3 potions of mutation {unknown}
 x - 4 potions of flight {unknown}
 A - 2 potions of lignification {unknown}
 C - a potion of invisibility {unknown}
 D - 3 potions of berserk rage {unknown}
 N - 2 potions of attraction {unknown}
 Q - a potion of heal wounds {unknown}
 R - 3 potions of magic {unknown}
 W - a potion of cancellation {unknown}


   Skills:
 + Level 13.3 Fighting
 + Level 13.6 Axes
 + Level 11.2 Throwing
 + Level 12.4 Dodging
 + Level 9.4 Invocations


You had 12 spell levels left.
You didn't know any spells.
Your spell library contained the following spells:

 Spells                   Type           Power      Damage    Failure   Level
 Animate Skeleton         Necr           0%         N/A       54%         1
 Beastly Appendage        Tmut           0%         N/A       54%         1
 Pain                     Necr           0%         1d4       54%         1
 Wereblood                Tmut           0%         N/A       67%         2
 Confusing Touch          Hex            0%         N/A       88%         3
 Conjure Flame            Conj/Fire      0%         6-21      88%         3
 Gell's Gravitas          Tloc           0%         N/A       88%         3
 Ignite Poison            Fire/Tmut/Pois 0%         N/A       88%         3
 Lesser Beckoning         Tloc           0%         N/A       88%         3
 Spider Form              Tmut/Pois      0%         N/A       88%         3
 Teleport Other           Tloc           0%         N/A       88%         3
 Tukima's Dance           Hex            0%         N/A       88%         3
 Vampiric Draining        Necr           0%         2d6       88%         3
 Passage of Golubria      Tloc           0%         N/A       99%         4
 Sticky Flame             Conj/Fire      0%         2d3       99%         4
 Iskenderun's Battlesphe  Conj           0%         2d6       100%        5
 Yara's Violent Unravell  Hex/Tmut       0%         3d3       100%        5
 Iron Shot                Conj/Erth      0%         9d1       100%        6
 Enfeeble                 Hex            0%         N/A       100%        7
 Spellforged Servitor     Conj/Summ      0%         N/A       100%        7


Dungeon Overview and Level Annotations

Branches:
Dungeon (11/15)            Temple (0/1) D:7            Lair (4/6) D:10
  Swamp (0/4) Lair:4       Spider (0/4) Lair:2          Orc (0/2) D:11
Ossuary (visited)          Bailey (visited)

Altars:
Elyvilon
Kikubaaqudgha
Makhleb
Ru
Trog

Annotations:
Lair:2 3 runed translucent doors, Esekla's ghost, journeyman FoIE; Japrukh's ghost, journeyman DDEE; Sukav's ghost, journeyman DsFi
Lair:4 1 runed translucent door, Aluic's ghost, adept MiBe


Innate Abilities, Weirdness & Mutations

You have a pair of horns on your head.
You reflexively headbutt those who attack you in melee.


Message History

The fire crab completely misses you.
You slash the fire crab!
The fire crab is severely wounded.
The fire crab bites you but does no damage.
The fire crab claws you.
You are engulfed in flames!
You are too injured to fight recklessly!
You are too injured to fight recklessly!
You are too injured to fight recklessly!
You are too injured to fight recklessly!
You are too injured to fight recklessly!
You are too injured to fight recklessly!
You are too injured to fight recklessly!
You barely miss the fire crab.
You punch the fire crab, but do no damage.
The fire crab is severely wounded.
You hit the fire crab but do no damage.
The fire crab is severely wounded.
The fire crab misses you. The fire crab completely misses you.
You hit the fire crab but do no damage. You headbutt the fire crab.
The fire crab is severely wounded.
The fire crab breathes flames at you. The blast of flame engulfs you!
You slash the fire crab!
The fire crab is almost dead.
The fire crab breathes flames at you.
The blast of flame engulfs you but does no damage.
You barely miss the fire crab.
The fire crab is almost dead.
You are engulfed in blazing flames.
The fire crab bites you.
You are engulfed in flames!
* * * LOW HITPOINT WARNING * * *
The fire crab claws you!
* * * LOW HITPOINT WARNING * * *
You are engulfed in flames!
* * * LOW HITPOINT WARNING * * *
You slice the fire crab!!
You kill the fire crab!
Makhleb accepts your kill.
You feel better.
You are engulfed in blazing flames.
You die...

.......#Y..#..# #....#.....
.......+W?.#..# ..≈.##....#.....
.......#$.$#..# .≈≈.##..#.......
......######..###.§§.##.........!
......#.......##..§.##..†††.§§...
..............##.≈§.###.†§§§.....
......P.......##°≈.°# ##..§§...#.
..............#°°°°°# #..§§.§...
............P.##@°°°# #.#.§§....
....#.#.....#.##°°°°# #.#§§...#.
............#.###°§°####..§§§....
..........P.#.##..§..##..§§......
..........#...##.###.##.....§#...
....#.....#...##.....##..#.......
..............###÷..##.........#.
..........#...#÷.#...#.P.#.....#.
..........#....÷##...#.#.......#.


There were no monsters in sight!

Vanquished Creatures
  Gastronok (Lair:2)
  3 hydras
  2 boulder beetles (D:11)
  Harold (D:7)
  A catoblepas (Lair:2)
  3 two-headed ogres
  A fire crab (Lair:4)
  An orc sorcerer (Bailey)
  2 orc knights
  2 manticores
  A cyclops (D:11)
  3 elephants (Lair:4)
  6 black mambas
  Maurice (D:8)
  A gargoyle (D:11)
  8 cane toads
  A rime drake (Lair:4)
  6 komodo dragons
  A polar bear (Lair:1)
  4 trolls
  A hornet (D:5)
  17 blink frogs
  2 culicivoras (Lair:2)
  3 jumping spiders (Lair:2)
  2 wyverns (D:10)
  A shadow (D:11)
  41 yaks
  A wraith (D:10)
  3 steam dragons
  4 basilisks
  A vampire mosquito (D:11)
  3 redbacks (Lair:2)
  6 water moccasins
  An acid dragon (D:10)
  4 sky beasts
  2 ogres
  7 orc warriors
  A black bear (Lair:1)
  A necrophage (D:7)
  4 wolves (Lair:1)
  4 centaurs
  2 elf zombies (Ossuary)
  2 phantoms
  10 bullfrogs
  A kobold brigand (D:9)
  3 scorpions
  4 killer bees (D:9)
  7 wights
  An electric eel (Lair:1)
  6 howler monkeys
  5 centaur zombies
  5 hounds
  A bullfrog skeleton (D:4)
  2 orc priests
  3 centaur skeletons
  A jelly (D:6)
  5 iguanas
  10 orc wizards
  2 killer bee zombies
  A hound zombie (D:5)
  4 mummies (Ossuary)
  2 howler monkey zombies
  5 adders
  6 gnolls
  2 white imps
  2 ufetubi (D:7)
  3 worms (D:2)
  A dart slug (D:3)
  22 orcs
  5 bats (D:1)
  6 endoplasms
  3 giant cockroaches
  3 gnoll zombies (Ossuary)
  15 hobgoblins
  8 kobolds
  4 quokkas
  7 ball pythons
  7 frilled lizards
  13 goblins
  2 goblin zombies (Ossuary)
  A hobgoblin zombie (Ossuary)
  A jackal zombie (Ossuary)
  An orc zombie (Ossuary)
  8 rats
  2 rat zombies (Ossuary)
  A butterfly (Lair:1)
363 creatures vanquished.

Vanquished Creatures (collateral kills)
  A hydra (Lair:3)
  A komodo dragon (Lair:3)
  2 yaks (Lair:3)
4 creatures vanquished.

Vanquished Creatures (others)
  14 fungi
  14 plants
  4 withered plants (Lair:2)
32 creatures vanquished.

Grand Total: 399 creatures vanquished

Notes
Turn   | Place    | Note
-------+----------+-------------------------------------------
     0 | D:1      | siradein the Minotaur Gladiator began the quest for the
                  | Orb.
     0 | D:1      | Reached XP level 1. HP: 18/18 MP: 0/0
   139 | D:1      | Reached XP level 2. HP: 23/25 MP: 1/1
   754 | D:1      | Reached XP level 3. HP: 31/31 MP: 2/2
  1270 | D:2      | Reached XP level 4. HP: 38/38 MP: 3/3
  1705 | D:3      | Found a faded altar of an unknown god.
  2042 | D:4      | Reached XP level 5. HP: 28/46 MP: 4/4
  2229 | D:4      | Noticed an ogre
  2243 | D:4      | Killed an ogre
  2244 | D:4      | Reached skill level 5 in Axes
  2244 | D:4      | Reached XP level 6. HP: 49/53 MP: 5/5
  2592 | D:5      | Entered Level 5 of the Dungeon
  2621 | D:5      | Noticed a hornet
  2627 | D:5      | Killed a hornet
  2628 | D:5      | Reached skill level 5 in Fighting
  2628 | D:5      | Reached skill level 5 in Dodging
  2628 | D:5      | Reached XP level 7. HP: 43/61 MP: 6/6
  3236 | D:6      | Found a sacrificial altar of Ru.
  3244 | D:6      | Reached skill level 5 in Throwing
  3244 | D:6      | Reached XP level 8. HP: 70/70 MP: 7/7
  3352 | D:6      | Identified the +7 short sword "Jihukiagh" {drain, rElec rN+
                  | Will+}
  3423 | D:6      | Found a sand-covered staircase.
  3433 | Ossuary  | Entered an ossuary
  3746 | D:6      | Found a burning altar of Makhleb.
  3978 | D:6      | Became a worshipper of Makhleb the Destroyer
  4057 | D:6      | Found an ancient bone altar of Kikubaaqudgha.
  4241 | D:7      | Reached XP level 9. HP: 51/79 MP: 8/8
  4242 | D:7      | Reached skill level 1 in Invocations
  4273 | D:7      | Found a staircase to the Ecumenical Temple.
  4389 | D:7      | Found a flagged portal.
  4398 | Bailey   | Entered a bailey
  4506 | Bailey   | Reached * piety under Makhleb
  4563 | Bailey   | Found an iron altar of Okawaru.
  4563 | Bailey   | Noticed an orc sorcerer
  4641 | Bailey   | Paralysed by an orc sorcerer for 4 turns
  4647 | Bailey   | Paralysed by an orc sorcerer for 3 turns
  4650 | Bailey   | Killed an orc sorcerer
  4700 | Bailey   | Noticed an orc knight
  4805 | Bailey   | Killed an orc knight
  4983 | Bailey   | Noticed an orc high priest
  4983 | Bailey   | Noticed an orc knight
  5024 | Bailey   | Noticed a red devil
  5219 | D:6      | Killed an orc knight
  5220 | D:6      | Reached XP level 10. HP: 32/90 MP: 11/11
  5913 | D:8      | Noticed Maurice
  5920 | D:8      | Noticed Harold
  5963 | D:7      | Killed Harold
  6008 | D:8      | Killed Maurice
  6378 | D:9      | Reached skill level 10 in Axes
  6391 | D:9      | Reached skill level 5 in Invocations
  6473 | D:9      | Reached ** piety under Makhleb
  6756 | D:9      | Noticed a two-headed ogre
  6791 | D:9      | Killed a two-headed ogre
  6860 | D:9      | Noticed a two-headed ogre
  6908 | D:9      | Killed a two-headed ogre
  6909 | D:9      | Reached skill level 10 in Fighting
  6909 | D:9      | Reached XP level 11. HP: 93/99 MP: 12/14
  7201 | D:10     | Entered Level 10 of the Dungeon
  7510 | D:10     | Found a staircase to the Lair.
  7663 | D:10     | Found a bloodstained altar of Trog.
  7733 | D:10     | Reached skill level 10 in Dodging
  7792 | D:10     | Reached *** piety under Makhleb
  8737 | D:11     | Found a staircase to the Orcish Mines.
  8774 | D:11     | Found a white marble altar of Elyvilon.
  8992 | D:11     | Noticed a boulder beetle
  9005 | D:11     | Killed a boulder beetle
  9065 | D:11     | Noticed a two-headed ogre
  9104 | D:11     | Killed a two-headed ogre
  9109 | D:11     | Reached XP level 12. HP: 110/110 MP: 16/16
  9172 | D:11     | Noticed a boulder beetle
  9202 | D:11     | Killed a boulder beetle
  9815 | Lair:1   | Entered Level 1 of the Lair of Beasts
 10054 | Lair:1   | Noticed a six-headed hydra
 10064 | Lair:1   | Killed a six-headed hydra
 10190 | Lair:1   | Reached skill level 10 in Throwing
 10280 | Lair:1   | Reached **** piety under Makhleb
 10785 | Lair:2   | Noticed a catoblepas
 10795 | Lair:2   | Killed a catoblepas
 11013 | Lair:2   | Noticed Gastronok
 11039 | Lair:2   | Killed Gastronok
 11061 | Lair:2   | Found a hole to the Spider Nest.
 11151 | Lair:2   | Found a runed translucent gate.
 11152 | Lair:2   | Found a runed translucent gate.
 11153 | Lair:2   | Found a runed translucent gate.
 11441 | Lair:2   | Noticed a seven-headed hydra
 11458 | Lair:2   | Killed a seven-headed hydra
 11550 | Lair:2   | Noticed Sukav's ghost (journeyman DsFi)
 11550 | Lair:2   | Noticed Japrukh's ghost (journeyman DDEE)
 11550 | Lair:2   | Noticed Esekla's ghost (journeyman FoIE)
 11749 | Lair:2   | Reached XP level 13. HP: 103/119 MP: 18/18
 11984 | Lair:3   | Identified the +2 scimitar of Taipnill {drain, Dex+9}
 12205 | Lair:3   | Reached ***** piety under Makhleb
 12609 | Lair:4   | Found a staircase to the Swamp.
 12718 | Lair:4   | Found a runed translucent door.
 12720 | Lair:4   | Noticed Aluic's ghost (adept MiBe)
 12919 | Lair:4   | HP: 6/122 [fire crab (15)]
 12920 | Lair:4   | Engulfed by a cloud of flame

Illustrated notes

Levels and vault maps discovered:
D:1:      nzn_arrival_water_spiral, layout_basic, minmay_liquid_box,
          minmay_curled_crystal, chequers_arboretum
D:2:      layout_basic, minmay_close_crescents
D:3:      layout_basic, ebering_ecumenical_altar_rust
D:4:      layout_cave_pools, amcnicky_mini_pool_small
D:5:      layout_cave_pools, columned_hall_lemuel, kennysheep_path_1
D:6:      layout_cave_pools, mainiacjoe_overflow_chevrons,
          lemuel_coloured_pillars_altar, mainiacjoe_overflow_surrounded_room,
          nicolae_ossuary_entry_monument, grunt_ministairs_4,
          minmay_misc_feat_hallway
D:7:      layout_cave_pools, minmay_temple_entry_nine_rooms, enter_bailey_2
D:8:      layout_rooms, uniq_harold, uniq_maurice
D:9:      layout_irregular_city, grunt_ministairs_12
D:10:     layout_gridville, trog_book, erik_lair_dragon
D:11:     minmay_recursive_quarters, layout_stronghold, orc_0_dummy,
          elyvilon_altar_3
Lair:1:   layout_gridlike, gammafunk_lair_bear_cave, lemuel_fruit_fields
Lair:2:   layout_long_grid, nicolae_spider_entry_tight_spaces,
          gammafunk_ghost_cemetery, uniq_gastronok
Lair:3:   layout_hall_layers, ldierk_geyser, st_stairs_11
Lair:4:   layout_long_grid, swamp_mist, nicolae_volcano_entry_vermiform,
          ebering_ghost_inner_flame

Skill      XL: |  1  2  3  4  5  6  7  8  9 10 11 12 13 |
---------------+----------------------------------------+-----
Axes           | 4 5 6 8 9 10 11 12 13 | 13.6
Fighting       | 3 4 5 6 7 8 10 11 12 13 | 13.3
Dodging        | 4 5 6 7 8 9 10 11 12 | 12.4
Throwing       | 3 4 5 6 7 8 9 10 11 | 11.2
Invocations    | 3 5 7 8 9 |  9.4

Action                   |  1- 3 |  4- 6 |  7- 9 | 10-12 | 13-15 || total
-------------------------+-------+-------+-------+-------+-------++-------
Melee: War axe           |    84 |    76 |   208 |       |   118 ||   486
       Headbutt          |     9 |    14 |    65 |   142 |    41 ||   271
       Punch             |     2 |       |     4 |     5 |     4 ||    15
       Broad axe         |       |       |    57 |   229 |       ||   286
       Battleaxe         |       |       |       |   306 |    33 ||   339
       Dire flail        |       |       |       |     8 |    15 ||    23
 Fire: Hunting sling     |       |       |       |     5 |       ||     5
Throw: Dart              |       |     5 |    15 |    29 |       ||    49
       Throwing net      |       |       |     3 |       |       ||     3
Invok: Lesser Servant of |       |       |       |       |     1 ||     1
  Use: Scroll            |       |       |     5 |     1 |     1 ||     7
 Stab: Sleeping          |       |       |       |     2 |     1 ||     3
       Distracted        |       |       |       |       |     1 ||     1
Armor: Leather armour    |    17 |       |       |       |       ||    17
       Scale mail        |     5 |    18 |    96 |    17 |       ||   136
       Steam dragon scal |       |       |       |    58 |       ||    58
       Troll leather arm |       |       |       |    61 |    47 ||   108
Dodge: Dodged            |    47 |    55 |   269 |   688 |   198 ||  1257

Table legend: (Time is in decaauts)
 A = Elapsed time spent in this place.
 B = Non-inter-level travel time spent in this place.
 C = Inter-level travel time spent in this place.
 D = Time resting spent in this place.
 E = Time spent auto-exploring this place.
 F = Levels seen in this place.
 G = Mean time per level.
                   A        B        C        D        E       F      G
               +--------+--------+--------+--------+--------+-----+--------+
         Total |  13051 |  12254 |    797 |    257 |   8293 |  17 |  767.7 |
       Dungeon |   9150 |   8472 |    678 |     63 |   6142 |  11 |  831.8 |
          Lair |   3015 |   2896 |    119 |     52 |   1857 |   4 |  753.8 |
       Ossuary |    201 |    201 |      0 |      0 |    106 |   1 |  201.0 |
        Bailey |    683 |    683 |      0 |    141 |    187 |   1 |  683.0 |
               +--------+--------+--------+--------+--------+-----+--------+

Top non-repeatable levels by time:
    D:10: 1292 daAuts
    D:11: 1183 daAuts
  Lair:2: 1077 daAuts
     D:6: 1070 daAuts
     D:1: 1042 daAuts
     D:9: 1025 daAuts
  Lair:1: 934 daAuts
     D:7: 755 daAuts
  Bailey: 683 daAuts
     D:5: 671 daAuts
     D:4: 644 daAuts
  Lair:3: 636 daAuts
     D:3: 558 daAuts
     D:2: 465 daAuts
     D:8: 441 daAuts
